 Dungeon Crawl Stone Soup version 0.30.2 (webtiles) character file.

Game seed: 17453629532985303879

59 porpoise the Ducker (level 3, -1/35 HPs)
             Began as a Troll Wanderer on Jan 30, 2024.
             Slain by a gnoll
             ... wielding a +0 club
              (4 damage)
             ... on level 2 of the Dungeon.
             The game lasted 00:03:10 (1153 turns).

porpoise the Ducker (Troll Wanderer)                Turns: 1153, Time: 00:03:11

Health: -1/35      AC:  5    Str: 21    XL:     3   Next: 78%
Magic:  3/3        EV: 10    Int:  8    God:
Gold:   60         SH:  0    Dex: 10    Spells: 3/4 levels left

rFire   . .          .
                       - Unarmed
rCold   . . .        (no shield)
rNeg    . . .        d - +0 robe
rPois   .            (helmet restricted)
rElec   .            b - +0 cloak
rCorr   .            (gloves unavailable)
SInv    .            (boots unavailable)
Will    .....        (no amulet)
Stlth   +            (no ring)
HPRegen 1.05/turn    (no ring)
MPRegen 0.08/turn

%: no passive effects
@: no status effects
A: large, unfitting armour, claws 3, regeneration 1, shaggy fur 1, tough skin 1
a: no special abilities


You were on level 2 of the Dungeon.
You visited 1 branch of the dungeon, and saw 2 of its levels.

You collected 60 gold pieces.

Inventory:

Hand Weapons
 a - a +2 sling
Armour
 b - a +0 cloak (worn)
 d - a +0 robe (worn)
Scrolls
 e - a scroll of fear {unknown}
 f - a scroll of teleportation {unknown}
Potions
 c - a potion of invisibility
 g - a potion of haste
 h - a potion of mutation
 i - a potion of heal wounds
 j - a potion of berserk rage {unknown}


   Skills:
 + Level 1.9 Fighting
 - Level 2.0 Ranged Weapons
 - Level 3.2 Dodging
 * Level 2.8 Unarmed Combat
 - Level 1.0 Spellcasting
 - Level 1.0 Hexes


You had 3 spell levels left.
You knew the following spells:

 Your Spells              Type           Power      Damage    Failure   Level
a - Slow                  Hex            8%         N/A       26%         1

Your spell library contained the following spells:

 Spells                   Type           Power      Damage    Failure   Level
 Apportation              Tloc           0%         N/A       36%         1
 Necrotise                Necr           0%         1d4       36%         1
 Summon Small Mammal      Summ           0%         N/A       36%         1
 Tukima's Dance           Hex            2%         N/A       61%         3


Dungeon Overview and Level Annotations

Branches:
Dungeon (2/15)

Altars:


Innate Abilities, Weirdness & Mutations

You are too large for most types of armour.
You have claws for hands.
Your natural rate of healing is unusually fast.
You are covered in fur. (AC +1)
You have tough skin. (AC +1)


Message History

You start waiting.
Done waiting.
a - a +2 sling (weapon)
You see here a +0 ring mail.
j - a murky green potion You see here a +0 halberd. 3 gnolls come into view.
You shoot a sling bullet. The sling bullet hits the gnoll.
The gnoll is heavily wounded.
The gnoll shouts!
The gnoll hits you with a +0 flail.
You are now empty-clawed.
The gnoll hits you with a +0 flail.
You closely miss the gnoll.
The gnoll is heavily wounded.
The gnoll hits you with a +0 flail. The gnoll misses you.
You scratch the gnoll.
The gnoll is almost dead.
The gnoll closely misses you.
The gnoll hits you from afar with a +0 halberd.
You scratch the gnoll.
You kill the gnoll!
The gnoll hits you from afar with a +0 halberd!
Unknown command.
The gnoll hits you with a +0 halberd.
Things that are here:
a +0 flail; a gnoll corpse You closely miss the gnoll.
The gnoll barely misses you.
You closely miss the gnoll. You claw the gnoll.
The gnoll is moderately wounded.
The gnoll hits you with a +0 halberd!
* * * LOW HITPOINT WARNING * * *
You claw the gnoll!
You kill the gnoll!
The gnoll hits you with a +0 club!
* * * LOW HITPOINT WARNING * * *
You see here a +0 halberd.
You scratch the gnoll.
The gnoll is lightly wounded.
The gnoll hits you with a +0 club.
You die...

#.##...........#.##.##
#.##.######.###.###.#
#.##.# #.# ####..#
#.##.# #.# #.## #.##.#
#.# #.#
####.##.######.######.#
#.....#.#...).[.......#
#.###.#.#)####.########
# #...#@# #.# ###.###g#
#.# .<..# #.# #.# #....
..# #.# #.### ### #.#
#.# ######.# #.#
##......#
#.####...#####
#..........#


You could see a gnoll.

Vanquished Creatures
  3 gnolls (D:2)
  A dart slug (D:1)
  2 endoplasms (D:1)
  A giant cockroach (D:1)
  4 goblins (D:1)
  A hobgoblin (D:2)
  3 kobolds (D:1)
  4 quokkas (D:1)
  4 ball pythons
  2 bats (D:1)
  4 rats (D:1)
29 creatures vanquished.

Notes
Turn   | Place    | Note
-------+----------+-------------------------------------------
     0 | D:1      | porpoise the Troll Wanderer began the quest for the Orb.
     0 | D:1      | porpoise set off with the following items: a +2 sling, a +0
                  | cloak, a potion of invisibility, a +0 robe; and the
                  | following spell memorised: Slow; and the following spells
                  | available to memorise: Tukima's Dance.
     0 | D:1      | Reached XP level 1. HP: 19/19 MP: 1/1
   125 | D:1      | Reached skill level 1 in Unarmed Combat
   265 | D:1      | Reached XP level 2. HP: 27/27 MP: 2/2
   802 | D:2      | Reached XP level 3. HP: 33/33 MP: 3/3
  1153 | D:2      | Slain by a gnoll

Illustrated notes

Levels and vault maps discovered:
D:1:      onia_arrival_mini_spirals, layout_basic,
          chequers_serial_rivers_large_a
D:2:      layout_loops_ring, serial_shops, nicolae_shop_trees,
          nicolae_shop_just_a_little_nook, minmay_door_square

Skill      XL: |  1  2 |
---------------+-------+-----
Unarmed Combat | 1 2 |  2.8
Fighting       | |  1.9
Ranged Weapons | |  2.0
Dodging        | |  3.2
Spellcasting   | |  1.0
Hexes          | |  1.0

Action                     || total
---------------------------++-------
  Melee: Unarmed           ||    25
         Punch             ||     1
   Fire: Sling             ||    74
    Use: Scroll            ||     3
 Armour: Robe              ||    20
  Dodge: Dodged            ||    28
